 Dungeon Sprint DCSS version 0.27.1-3-gb3d3a73c9e (webtiles) character file.

Game seed: 8061477970498985125

1682 raph the Grappler (level 8, -4/133 HPs)
             Began as a Troll Berserker on Oct 9, 2021.
             Was an Elder of Trog.
             Slain by a demonic crawler (8 damage)
             ... in the Dungeon (Sprint I: "Red Sonja").
             The game lasted 00:01:46 (579 turns).

raph the Grappler (Troll Berserker)                  Turns: 579, Time: 00:01:46

Health: -4/133     AC:  4    Str: 26    XL:     8   Next: 71%
Magic:  7/7        EV: 12    Int:  3    God:    Trog [****..]
Gold:   405        SH:  0    Dex: 11    Spells: 7/7 levels left

rFire    . . .     SeeInvis .     - Unarmed
rCold    . . .     Faith    .   (no shield)
rNeg     . . .     Spirit   .   j - +0 animal skin
rPois    .         Reflect  .   (helmet restricted)
rElec    .         Harm     .   (no cloak)
rCorr    .         Rampage  .   (gloves unavailable)
Will     .....     NoTele   +   (boots unavailable)
Stlth    ..........             (no amulet)
HPRegen  1.32/turn              (no ring)
MPRegen  0.10/turn              (no ring)

@: berserking (expiring), very quick
A: large, unfitting armour, claws 3, regeneration 1, shaggy fur 1, tough skin 1
a: Renounce Religion, Berserk, Trog's Hand, Brothers in Arms


You were in the Dungeon.
You worshipped Trog.
Trog was greatly pleased with you.
You visited 1 branch You collected 405 gold pieces.

Inventory:

Hand Weapons
 a - a +1 giant spiked club
Armour
 j - a +0 animal skin (worn)
Wands
 h - a wand of flame (17)
Scrolls
 g - a scroll of blinking
Potions
 b - 2 potions of curing
 c - a potion of heal wounds
 d - a potion of haste
 e - 2 potions of magic
 f - a potion of berserk rage
 i - a potion of brilliance


   Skills:
 + Level 8.7 Fighting
 + Level 8.7 Dodging
 * Level 13.7 Unarmed Combat


You had 7 spell levels left.
You didn't know any spells.
Your spell library was empty.

Dungeon Overview and Level Annotations

Branches:
Dungeon (1/1)

Altars:
Cheibriados
Dithmenos
Elyvilon
Fedhas
Gozag
Hepliaklqana
Kikubaaqudgha
Makhleb
Nemelex Xobeh
Okawaru
Qazlal
Ru
Sif Muna
Trog
Uskayaw
Vehumet
Wu Jian
Xom
Yredelemnul
Zin
The Shining One
Jiyva
Lugonu

Shops:
D (


Innate Abilities, Weirdness & Mutations

You are too large for most types of armour.
You have claws for hands.
Your natural rate of healing is unusually fast.
You are covered in fur. (AC +1)
You have tough skin. (AC +1)


Message History

You are too injured to fight recklessly!
You are too injured to fight recklessly!
You are too injured to fight recklessly!
You are too injured to fight recklessly!
You are too injured to fight recklessly!
The demonic crawler hits you. x3
* * * LOW HITPOINT WARNING * * *
You claw the demonic crawler!
You kill the demonic crawler!
Trog accepts your kill. The demonic crawler hits you.
* * * LOW HITPOINT WARNING * * *
The demonic crawler hits you.
* * * LOW HITPOINT WARNING * * *
The demonic crawler misses you.
You barely miss the demonic crawler. Your claw misses the demonic crawler.
The demonic crawler hits you.
* * * LOW HITPOINT WARNING * * *
The demonic crawler barely misses you. The demonic crawler hits you.
* * * LOW HITPOINT WARNING * * *
You mangle the demonic crawler!!
The demonic crawler is moderately wounded.
The demonic crawler hits you!
* * * LOW HITPOINT WARNING * * *
The demonic crawler hits you.
* * * LOW HITPOINT WARNING * * *
The demonic crawler hits you.
* * * LOW HITPOINT WARNING * * *
The demonic crawler hits you but does no damage.
The demonic crawler hits you.
* * * LOW HITPOINT WARNING * * *
The demonic crawler closely misses you.
There is an open door, spattered with blood here.
You completely miss the demonic crawler.
The demonic crawler hits you.
* * * LOW HITPOINT WARNING * * *
The demonic crawler hits you.
* * * LOW HITPOINT WARNING * * *
The demonic crawler hits you!
You die...

#######################
#<.#..@s†#.)'..#__#..')
#..').#s.'..#..'..'..#)
#..#####'#####'#__####.
#..####..#...#.#### ##
#..#__####..##.#
#..#_____##'#_.+
#⌠⌠#_.∩...'†.._#
####_..__##_.#+#
#_____###+#


You could see 2 demonic crawlers.

Vanquished Creatures
  2 kobold demonologists (D)
  2 demonic crawlers (D)
  A slime creature (D)
  Sigmund (D)
  A yak (D)
  A floating eye (D)
  An ogre (D)
  A jelly (D)
  Ijyb (D)
11 creatures vanquished.

Notes
Turn   | Place    | Note
-------+----------+-------------------------------------------
     0 | D        | raph the Troll Berserker began the quest for the Orb.
     0 | D        | Reached XP level 1. HP: 22/22 MP: 0/0
     2 | D        | Noticed Ijyb
     7 | D        | Killed Ijyb
     8 | D        | Reached skill level 5 in Unarmed Combat
     8 | D        | Reached XP level 2. HP: 29/31 MP: 1/1
   146 | D        | Noticed an ogre
   152 | D        | Killed an ogre
   153 | D        | Reached skill level 7 in Unarmed Combat
   153 | D        | Reached XP level 3. HP: 8/40 MP: 2/2
   153 | D        | Reached XP level 4. HP: 10/49 MP: 3/3
   197 | D        | Noticed Sigmund
   206 | D        | Killed Sigmund
   206 | D        | Reached ** piety under Trog
   207 | D        | Reached skill level 5 in Fighting
   207 | D        | Reached skill level 5 in Dodging
   207 | D        | Reached skill level 9 in Unarmed Combat
   207 | D        | Reached XP level 5. HP: 58/58 MP: 4/4
   247 | D        | Found an ornate altar of the Wu Jian Council.
   247 | D        | Found a shimmering blue altar of Sif Muna.
   249 | D        | Found a radiant altar of Vehumet.
   254 | D        | Reached XP level 6. HP: 67/67 MP: 5/5
   288 | D        | Found Dustrix's Antique Weapon Emporium.
   288 | D        | Found an ancient bone altar of Kikubaaqudgha.
   288 | D        | Found a hazy altar of Hepliaklqana.
   288 | D        | Found a stormy altar of Qazlal.
   288 | D        | Found a hide-covered altar of Uskayaw.
   288 | D        | Found a blossoming altar of Fedhas.
   288 | D        | Found a bloodstained altar of Trog.
   288 | D        | Found an iron altar of Okawaru.
   288 | D        | Found a basalt altar of Yredelemnul.
   288 | D        | Found a glowing golden altar of the Shining One.
   288 | D        | Found a snail-covered altar of Cheibriados.
   288 | D        | Found a sacrificial altar of Ru.
   288 | D        | Found a glowing silver altar of Zin.
   288 | D        | Found a shadowy altar of Dithmenos.
   288 | D        | Found a white marble altar of Elyvilon.
   288 | D        | Noticed a yak
   291 | D        | Killed a yak
   292 | D        | Reached skill level 10 in Unarmed Combat
   292 | D        | Found an opulent altar of Gozag.
   302 | D        | Found a sparkling altar of Nemelex Xobeh.
   316 | D        | Found a viscous altar of Jiyva.
   316 | D        | Found a corrupted altar of Lugonu.
   316 | D        | Noticed a slime creature
   317 | D        | Found a burning altar of Makhleb.
   317 | D        | Found a shimmering altar of Xom.
   326 | D        | Killed a slime creature
   326 | D        | Reached *** piety under Trog
   327 | D        | Reached skill level 11 in Unarmed Combat
   327 | D        | Reached XP level 7. HP: 78/78 MP: 6/6
   496 | D        | Noticed a kobold demonologist
   497 | D        | Paralysed by a floating eye for 4 turns
   502 | D        | Noticed a kobold demonologist
   513 | D        | Killed a kobold demonologist
   514 | D        | Reached skill level 12 in Unarmed Combat
   516 | D        | Noticed a soul eater
   518 | D        | Killed a kobold demonologist
   518 | D        | Reached **** piety under Trog
   519 | D        | Reached XP level 8. HP: 88/88 MP: 7/7
   549 | D        | Noticed a demonic crawler
   549 | D        | Noticed a demonic crawler
   549 | D        | Noticed a demonic crawler
   549 | D        | Noticed a demonic crawler
   570 | D        | Killed a demonic crawler
   571 | D        | Reached skill level 13 in Unarmed Combat
   575 | D        | Killed a demonic crawler
   577 | D        | HP: 6/133 [demonic crawler (4)]
   579 | D        | Slain by a demonic crawler

Illustrated notes

Levels and vault maps discovered:
D:        dungeon_sprint_1 [red_sonja_temple_1, red_sonja_temple_small_1]

Skill      XL: |  1  2  3  4  5  6  7  8 |
---------------+-------------------------+-----
Fighting       | 3 4 5 7 8 |  8.7
Dodging        | 3 4 5 7 8 |  8.7
Unarmed Combat | 5 7 9 11 12 13 | 13.7

Action                   |  1- 3 |  4- 6 |  7- 9 || total
-------------------------+-------+-------+-------++-------
Melee: Unarmed           |     8 |    18 |    27 ||    53
       Punch             |       |     1 |     1 ||     2
Invok: Berserk           |     2 |     3 |     2 ||     7
       Trog's Hand       |       |     1 |     1 ||     2
  Use: Scroll            |       |     2 |       ||     2
Armor: Animal skin       |       |     1 |    15 ||    16
Dodge: Dodged            |       |     4 |    21 ||    25
